 Dungeon Crawl Stone Soup version 0.29.1-15-g9cfb28693d (webtiles) character file.

Game seed: 7253785890277291289

246 Silvore the Slasher (level 5, -20/47 HPs)
             Began as a Minotaur Fighter on May 2, 2023.
             Demolished by an ogre
             ... wielding a +0 giant spiked club
              (26 damage)
             ... on level 4 of the Dungeon.
             The game lasted 00:04:23 (3876 turns).

Silvore the Slasher (Minotaur Fighter)              Turns: 3876, Time: 00:04:24

Health: -20/47     AC: 14    Str: 22    XL:     5   Next: 84%
Magic:  4/4        EV:  6    Int:  5    God:
Gold:   105        SH:  4    Dex: 10    Spells: 4/4 levels left

rFire   . . .      SeeInvis .   a - +0 long sword
rCold   . . .      Faith    .   c - +0 buckler
rNeg    . . .      Spirit   .   p - +0 plate armour
rPois   .          Reflect  .   (helmet restricted)
rElec   .          Harm     .   (no cloak)
rCorr   .          Rampage  .   j - +0 pair of gloves
Will    .....                   g - +0 pair of boots
Stlth   ..........              (no amulet)
HPRegen 0.15/turn               i - ring of wizardry
MPRegen 0.09/turn               (no ring)

@: studying Shields
A: horns 2, retaliatory headbutt
a: no special abilities


You were on level 4 of the Dungeon.
You visited 1 branch of the dungeon, and saw 4 of its levels.

You collected 105 gold pieces.

Inventory:

Hand Weapons
 a - a +0 long sword (weapon)
Armour
 b - a +0 scale mail
 c - a +0 buckler (worn)
 g - a +0 pair of boots (worn)
 j - a +0 pair of gloves (worn)
 k - a +0 chain mail
 p - a +0 plate armour (worn)
Jewellery
 i - a ring of wizardry (left hand)
Scrolls
 d - a scroll of amnesia
 f - 2 scrolls of fear
 n - a scroll of enchant armour {unknown}
 r - 4 scrolls of silence {unknown}
Potions
 e - a potion of attraction {unknown}
 h - a potion of heal wounds
 l - a potion of mutation {unknown}
 m - 2 potions of degeneration
 o - a potion of curing {unknown}
 q - a potion of cancellation {unknown}


   Skills:
 + Level 4.7 Fighting
 + Level 5.2 Long Blades
 + Level 5.0 Armour
 + Level 0.9 Dodging
 + Level 0.1 Stealth
 + Level 4.4 Shields


You had 4 spell levels left.
You didn't know any spells.
Your spell library contained the following spells:

 Spells                   Type           Power      Damage    Failure   Level
 Apportation              Tloc           0%         N/A       99%         1
 Olgreb's Toxic Radiance  Pois           0%         N/A       100%        4
 Alistair's Intoxication  Tmut/Pois      0%         N/A       100%        5
 Ozocubu's Refrigeration  Ice            0%         4d7       100%        7
 Ignition                 Fire           0%         3d3       100%        8


Dungeon Overview and Level Annotations

Branches:
Dungeon (4/15)
 Temple: D:4-7

Altars:
Wu Jian
Xom

Shops:
D:1 =


Innate Abilities, Weirdness & Mutations

You have a pair of horns on your head.
You reflexively headbutt those who attack you in melee.


Message History

You block the scorpion's attack.
You slash the scorpion!
The scorpion is almost dead.
The scorpion stings you but does no damage.
You hit the scorpion.
You kill the scorpion!
Your Long Blades skill increases to level 5!
Your Armour skill increases to level 5!
You see here a scorpion corpse.
You see here 2 stones.
An ogre comes into view. It is wielding a +0 giant spiked club.
The ogre shouts!
You slash the ogre!
The ogre is moderately wounded.
The ogre hits you with a +0 giant spiked club!
You hit the ogre. Your headbutt misses the ogre.
The ogre is heavily wounded.
The ogre hits you with a +0 giant spiked club.
You hit the ogre.
The ogre is heavily wounded.
You hit the ogre but do no damage.
You headbutt the ogre, but do no damage.
The ogre is heavily wounded.
The ogre hits you with a +0 giant spiked club!
You barely miss the ogre.
The ogre is heavily wounded.
You block the ogre's attack.
You hit the ogre. Your headbutt misses the ogre.
The ogre is severely wounded.
The ogre hits you with a +0 giant spiked club!
* * * LOW HITPOINT WARNING * * *
Unknown command.
You hit the ogre.
The ogre is severely wounded.
The ogre hits you but does no damage.
You hit the ogre.
The ogre is almost dead.
The ogre hits you with a +0 giant spiked club!!
Ouch! That really hurt!
You die...

......... #####
......... #...#
......... #...#
#........ #.8.#
#........ #...#
#........ #.8.#
##...[....
##...###..#
#.(8.##..@# #
##......###O.8.#
# ##...8.#.#
....# #
###......#.#
..8..#
####...##.8.#.#
......#
....†#........#
....##.
..######....###
#...# .## ######
...# .#


You could see an ogre.

Vanquished Creatures
  A scorpion (D:4)
  Crazy Yiuf (D:3)
  Robin (D:3)
  A gnoll (D:1)
  4 adders
  4 worms (D:2)
  A dart slug (D:1)
  2 orcs
  8 bats
  11 endoplasms
  6 giant cockroaches
  12 goblins
  10 hobgoblins
  5 kobolds
  3 quokkas
  5 ball pythons
  A frilled lizard (D:1)
  4 rats
80 creatures vanquished.

Notes
Turn   | Place    | Note
-------+----------+-------------------------------------------
     0 | D:1      | Silvore the Minotaur Fighter began the quest for the Orb.
     0 | D:1      | Reached XP level 1. HP: 19/19 MP: 0/0
    42 | D:1      | Reached XP level 2. HP: 5/27 MP: 1/1
   362 | D:1      | Found Ydupnupy's Jewellery Emporium.
   556 | D:1      | Reached XP level 3. HP: 9/33 MP: 2/2
  1726 | D:2      | Reached XP level 4. HP: 37/41 MP: 3/3
  1777 | D:2      | Found a faded altar of an unknown god.
  2391 | D:2      | Identified the +1 robe "Xoasecaz" {*Slow +Blink rN+ Dex+4}
  2490 | D:2      | Identified a scroll of acquirement
  2490 | D:2      | Acquired a manual of Shields
  2576 | D:3      | Noticed Robin
  2596 | D:3      | Killed Robin
  2657 | D:3      | Identified the +8 quarterstaff "Qule Centeo" {vorpal, rElec
                  | rPois Str+5 Stlth+}
  2785 | D:3      | Reached XP level 5. HP: 38/47 MP: 4/4
  2874 | D:3      | Found a shimmering altar of Xom.
  3267 | D:3      | Found a runed translucent door.
  3268 | D:3      | Noticed Crazy Yiuf
  3278 | D:3      | Killed Crazy Yiuf
  3646 | D:4      | Found an ornate altar of the Wu Jian Council.
  3853 | D:4      | Reached skill level 5 in Long Blades
  3853 | D:4      | Reached skill level 5 in Armour
  3867 | D:4      | Noticed an ogre
  3876 | D:4      | Demolished by an ogre

Illustrated notes

Levels and vault maps discovered:
D:1:      psy_arrival_conway, layout_rooms, serial_shops,
          nicolae_lakefront_shop, nicolae_eternal_life, minmay_pentomino_x4
D:2:      minmay_evil_eye, layout_loops_ring, nicolae_ecumenical_pavilion
D:3:      layout_basic, mainiacjoe_overflow_surrounded_room,
          minmay_crystal_room, minmay_crystal_water, uniq_crazy_yiuf_cottage,
          uniq_robin
D:4:      layout_cave_pods, old_standard_altar, serial_column_ruins,
          column_ruins_columns_plus, column_ruins_columns_straight,
          column_ruins_open_tiny, column_ruins_open_tiny,
          column_ruins_columns_dead_end

Skill      XL: |  1  2  3  4  5 |
---------------+----------------+-----
Armour         | 4 5 |  5.0
Fighting       | 4 |  4.7
Long Blades    | 3 4 5 |  5.2
Shields        | 4 |  4.4
Dodging        | |  0.9
Stealth        | |  0.1

Action                   |  1- 3 |  4- 6 || total
-------------------------+-------+-------++-------
Melee: Long sword        |   110 |   111 ||   221
       Headbutt          |    15 |    11 ||    26
  Use: Scroll            |     6 |     4 ||    10
       Potion            |       |     2 ||     2
Armor: Scale mail        |    92 |       ||    92
       Chain mail        |       |    57 ||    57
       Plate armour      |       |    20 ||    20
Dodge: Dodged            |    49 |    41 ||    90
Block: Buckler           |    35 |    34 ||    69
